AoeStats
← Freedom Phantom

Four Lakes

509153738Analyzed
1v1 RM · 6d ago on Sep 25, 2026· 40m 14s· 2 players
Game mode
Random Map
Map size
Tiny (2 player)
Population
200
Speed
Normal
Resources
Standard
Victory
Conquest
Starting age
Dark Age
Ending age
Imperial Age
RankedLock teamsTeams togetherTeam positionsShared explorationLock speedFull tech treeHidden civsTurbo modeCheats
Victory
Defeat
🇦🇷 Vietnamese · Argentina
1025
+16
🇷🇴 Vietnamese · Romania
1028
-16
Bautitw
7:45 Loom
10:07 Feudal Age
10:58 Double-Bit Axe
14:01 Fishing Lines
18:39 Fletching
18:49 Padded Archer Armor
21:25 Castle Age
21:41 Elite Skirmisher
22:27 Thumb Ring
22:31 Bodkin Arrow
22:51 Leather Archer Armor
22:40 Gillnets
24:28 Wheelbarrow
23:57 Gold Mining
23:58 Stone Mining
25:49 Forging
26:17 Ballistics
27:05 Bow Saw
28:25 Stone Shaft Mining
28:08 Town Watch
27:58 Pikeman
28:40 Squires
30:04 Scale Mail Armor
35:12 Chatras
38:57 Imperial Age
40:38 Paper Money
Freedom Phantom
8:38 Loom
11:12 Feudal Age
14:03 Fletching
14:14 Padded Archer Armor
14:25 Double-Bit Axe
15:18 Wheelbarrow
14:37 Horse Collar
21:34 Castle Age
20:47 Town Watch
21:41 Crossbowman
21:46 Elite Skirmisher
22:32 Thumb Ring
22:57 Leather Archer Armor
24:07 Bodkin Arrow
25:33 Bow Saw
28:50 Forging
28:46 Scale Barding Armor
29:16 Ballistics
35:53 Bloodlines
35:43 Husbandry
35:48 Chatras
36:26 Iron Casting
36:45 Light Cavalry
38:06 Chain Barding Armor
Connection lost

Rejoining the realm…

Still unreachable

The connection could not be restored.

Session expired

The server has moved on; the page needs a fresh start.